 Dungeon Crawl Stone Soup version 0.31-a0-263-ge8cad7f256 (webtiles) character file.

Game seed: 8871834495471859525

75 qw the Shooter (level 4, 0/36 HPs)
             Began as a Minotaur Hexslinger on July 13, 2023.
             Slain by Sigmund
             ... wielding a +0 scythe
              (1 damage)
             ... on level 3 of the Dungeon.
             The game lasted 00:00:45 (1779 turns).

qw the Shooter (Minotaur Hexslinger)                Turns: 1779, Time: 00:00:46

Health: 0/36       AC:  6    Str: 12    XL:     4   Next: 11%
Magic:  4/4        EV: 11    Int: 10    God:
Gold:   33         SH:  0    Dex: 21    Spells: 4/5 levels left

rFire   . . .        Y - +2 sling
rCold   . . .        (no shield)
rNeg    . . .        h - +0 ring mail
rPois   .            (helmet restricted)
rElec   .            (no cloak)
rCorr   .            (no gloves)
SInv    .            b - +0 pair of boots
Will    .....        (no amulet)
Stlth   +            f - +6 ring of dexterity
HPRegen 0.26/turn    (no ring)
MPRegen 0.09/turn

%: no passive effects
@: no status effects
A: horns 2, retaliatory headbutt
a: no special abilities


You were on level 3 of the Dungeon.
You visited 1 branch of the dungeon, and saw 3 of its levels.

You collected 74 gold pieces.
You spent 41 gold pieces at shops.


Innate Abilities, Weirdness & Mutations

You have a pair of horns on your head.
You reflexively headbutt those who attack you in melee.


   Skills:
 - Level 2.0 Fighting
 - Level 4.5 Ranged Weapons
 + Level 0.6 Armour
 - Level 2.1 Dodging
 - Level 1.0 Spellcasting
 - Level 2.0 Hexes


You had 4 spell levels left.
You knew the following spells:

 Your Spells              Type           Power      Damage    Failure   Level
a - Slow                  Hex            16%        N/A       34%         1

Your spell library contained the following spells:

 Spells                   Type           Power      Damage    Failure   Level
 Inner Flame              Hex/Fire       2%         N/A       83%         3
 Portal Projectile        Hex/Tloc       4%         N/A       83%         3
 Cause Fear               Hex            2%         N/A       98%         4

Inventory:

Hand Weapons
 Y - a +2 sling (weapon)
Armour
 b - a +0 pair of boots (worn)
 h - a +0 ring mail (worn)
Jewellery
 f - a +6 ring of dexterity (left hand)
Scrolls
 d - a scroll of identify
Potions
 a - a potion of heal wounds {unknown}
 c - 2 potions of enlightenment
 i - a potion of attraction {unknown}
 k - a potion of brilliance {unknown}
 n - a potion of berserk rage {unknown}

Dungeon Overview and Level Annotations

Branches:
Dungeon (3/15)

Altars:

Shops:
D:2 :[?*[

Annotations:
D:3 Sigmund


Message History

The hobgoblin is almost dead.
The hobgoblin completely misses you.
You hear some strange, mumbled words.
Something tries to affect you, but you resist.
The hobgoblin hits you. Something hits you.
You shoot a sling bullet.
The sling bullet barely misses the hobgoblin.
The hobgoblin hits you.
You shoot a sling bullet.
The sling bullet completely misses the hobgoblin.
Something hits you. The hobgoblin closely misses you.
You shoot a sling bullet. The sling bullet hits the hobgoblin!
You kill the hobgoblin!
Something hits you!
1769 ||| READING scroll of teleportation.
As you read the scroll of teleportation, it crumbles to dust.
You feel strangely unstable. Something barely misses you.
You shoot a sling bullet.
The sling bullet hits the iguana but does no damage.
The iguana bites you. The iguana closely misses you.
Something hits you but does no damage.
You shoot a sling bullet. The sling bullet hits the iguana.
The iguana is moderately wounded.
The iguana bites you.
You shoot a sling bullet.
The sling bullet barely misses the iguana.
Your surroundings suddenly seem different.
You are confused.
Autopickup is now on.
Enter note: The iguana hisses angrily.
Something hits you but does no damage.
Deactivating autopickup; reactivate with Ctrl-A.
You feel less confused. Something hits you.
You shoot a sling bullet.
The sling bullet closely misses the iguana.
Something hits you.
You die...

.. ##......# #####)
...##
#...######..... .
#....###....##
#..####
..##...........#
#<##
.............#.###.#
.................#
##..........####..
#................
#...@.###..####..#
#.##..{l...## ##..
#. ##.#.....### .# #
#...#....l#
#.####.##).# #.#
..........
..>.......##..#
.#.##......# .... .
##.#.... ....


You could see an iguana.

Vanquished Creatures
  Jessica (D:2)
  An adder (D:2)
  An orc (D:3)
  2 ball pythons
  4 endoplasms
  3 giant cockroaches
  5 hobgoblins
  A quokka (D:1)
  A bat (D:1)
  3 frilled lizards
  4 goblins
  7 kobolds
  6 rats
39 creatures vanquished.

Notes
Turn   | Place    | Note
-------+----------+-------------------------------------------
     0 | D:1      | qw the Minotaur Hexslinger began the quest for the Orb.
     0 | D:1      | Reached XP level 1. HP: 16/16 MP: 1/1
     0 | D:1      | 0 ||| qw: Version: 0.3-a-52-g30416fa
     0 | D:1      | 0 ||| qw: Game counter: 7169
     0 | D:1      | 0 ||| qw: Melee chars always use a shield: true
     0 | D:1      | 0 ||| qw: God list: Okawaru
     0 | D:1      | 0 ||| qw: Allow faded altars: false
     0 | D:1      | 0 ||| qw: Do Orc after clearing Dungeon:15 true
     0 | D:1      | 0 ||| qw: Do second Lair branch before Depths: true
     0 | D:1      | 0 ||| qw: Lair rune preference: random
     0 | D:1      | 0 ||| qw: Goals: Normal
     0 | D:1      | 0 ||| PLANNING D:1-11
   174 | D:1      | Reached skill level 3 in Ranged Weapons
   177 | D:1      | Reached XP level 2. HP: 18/23 MP: 2/2
   177 | D:1      | 177 ||| FLEEEEING.
   178 | D:1      | 178 ||| FLEEEEING.
   179 | D:1      | 179 ||| FLEEEEING.
   180 | D:1      | 180 ||| FLEEEEING.
   181 | D:1      | 181 ||| FLEEEEING.
   182 | D:1      | 182 ||| FLEEEEING.
   183 | D:1      | 183 ||| FLEEEEING.
   184 | D:1      | 184 ||| FLEEEEING.
   185 | D:1      | 185 ||| FLEEEEING.
   186 | D:1      | 186 ||| FLEEEEING.
   187 | D:1      | 187 ||| FLEEEEING.
   188 | D:1      | 188 ||| FLEEEEING.
   189 | D:1      | 189 ||| FLEEEEING.
   476 | D:1      | 476 ||| UPGRADING to +0 leather armour.
   486 | D:1      | 486 ||| DROPPING +0 robe.
   487 | D:1      | 487 ||| DROPPING ring of magical power.
   488 | D:1      | 488 ||| READING scroll labelled BUOSSA TEMEEMIWK.
   493 | D:1      | 493 ||| READING scroll labelled TITTUN PATINN.
   494 | D:1      | 494 ||| READING scroll labelled FIRRIC ZADD.
   495 | D:1      | 495 ||| READING scroll labelled SOVIAN JOPOXTIUSUE.
   496 | D:1      | 496 ||| DROPPING scroll of poison.
   632 | D:2      | Found Tuts's Antique Armour Shoppe.
   644 | D:2      | 644 ||| SHOPLISTING pair of boots (130 gold, have 27).
   644 | D:2      | 644 ||| SHOPLISTING ring mail (116 gold, have 27).
   644 | D:2      | 644 ||| SHOPLISTING runed leather armour (145 gold, have
                  | 27).
   644 | D:2      | 644 ||| SHOPLISTING twisted robe (165 gold, have 27).
   705 | D:2      | Found Sukilargh's Magic Scroll Shop.
   708 | D:2      | 708 ||| SHOPLISTING 3 scrolls of identify (66 gold, have
                  | 39).
   708 | D:2      | 708 ||| BUYING scroll of identify (22 gold).
   708 | D:2      | Bought a scroll of identify for 22 gold pieces
   708 | D:2      | 708 ||| SHOPLISTING scroll of identify (22 gold, have 17).
   757 | D:2      | Noticed Jessica
   758 | D:2      | 758 ||| DRINKING 2 brown potions.
   761 | D:2      | 761 ||| Stepping ~*~*~tactically~*~*~ (water).
   774 | D:2      | Killed Jessica
   775 | D:2      | Reached skill level 4 in Ranged Weapons
   775 | D:2      | Reached XP level 3. HP: 20/29 MP: 3/3
   909 | D:2      | HP: 7/29 [poisoned by an adder]
   910 | D:2      | 910 ||| READING scroll of teleportation.
   910 | D:2      | HP: 3/29 [adder (2)]
   912 | D:2      | 912 ||| DRINKING potion of curing.
   912 | D:2      | 912 ||| (to cure poison)
  1008 | D:2      | Found Dingai's Assorted Antiques.
  1017 | D:2      | 1017 ||| BUYING golden potion (19 gold).
  1017 | D:2      | Bought a golden potion for 19 gold pieces
  1017 | D:2      | 1017 ||| SHOPLISTING potion of curing (66 gold, have 13).
  1017 | D:2      | 1017 ||| SHOPLISTING scroll labelled COUTUL CIVI (22 gold,
                  | have 13).
  1017 | D:2      | 1017 ||| SHOPLISTING scroll labelled XUIRUTUXYSM (22 gold,
                  | have 13).
  1017 | D:2      | 1017 ||| SHOPLISTING scroll of identify (44 gold, have 13).
  1017 | D:2      | 1017 ||| SHOPLISTING scroll of teleportation (66 gold, have
                  | 13).
  1021 | D:2      | Found Lel Wailofu's Armour Boutique.
  1048 | D:2      | 1048 ||| SHOPLISTING +0 ring mail (48 gold, have 13).
  1048 | D:2      | 1048 ||| SHOPLISTING +0 ring mail of Moral Flaws {Str+2
                  | Int+3} (258 gold, have 13).
  1048 | D:2      | 1048 ||| SHOPLISTING +1 robe of willpower (152 gold, have
                  | 13).
  1048 | D:2      | 1048 ||| SHOPLISTING +2 robe of positive energy (176 gold,
                  | have 13).
  1211 | D:2      | Found Asipp's Book Emporium.
  1316 | D:2      | Reached XP level 4. HP: 36/36 MP: 4/4
  1656 | D:2      | 1656 ||| UPGRADING to +0 pair of boots.
  1661 | D:2      | 1661 ||| UPGRADING to +0 ring mail.
  1671 | D:2      | 1671 ||| DROPPING +0 leather armour.
  1672 | D:2      | 1672 ||| UPGRADING to +6 ring of dexterity.
  1673 | D:2      | 1673 ||| READING scroll labelled COUTUL CIVI.
  1674 | D:2      | 1674 ||| READING scroll labelled EPLEISIAGH.
  1675 | D:2      | 1675 ||| DRINKING 3 golden potions.
  1676 | D:2      | 1676 ||| DRINKING 2 green potions.
  1677 | D:2      | 1677 ||| DROPPING potion of magic.
  1755 | D:3      | Noticed Sigmund
  1760 | D:3      | 1760 ||| FLEEEEING.
  1768 | D:3      | HP: 7/36 [something (7)]
  1769 | D:3      | 1769 ||| READING scroll of teleportation.
  1771 | D:3      | HP: 2/36 [iguana (5)]
  1778 | D:3      | HP: 1/36 [something (3)]
  1779 | D:3      | Slain by Sigmund

Levels and vault maps discovered:
D:1:      ldierk_walled_garden, layout_rooms
D:2:      layout_loops_ring, serial_shops, nicolae_shop_advertising_works
          [nicolae_subvault_shop_adworks], nicolae_shop_real_fake_doors, shop,
          nicolae_shop_behind_doors, shop, st_stairs_11, chequers_big_river,
          uniq_jessica
D:3:      layout_rooms, uniq_sigmund

Skill      XL: |  1  2 |
---------------+-------+-----
Ranged Weapons | 3 4 |  4.5
Fighting       | 2 |  2.0
Armour         | |  0.6
Dodging        | |  2.1
Spellcasting   | |  1.0
Hexes          | |  2.0

Action                     |  1- 3 |  4- 6 || total
---------------------------+-------+-------++-------
   Fire: Sling             |   117 |    29 ||   146
    Use: Scroll            |     5 |     3 ||     8
         Potion            |     2 |     2 ||     4
 Armour: Leather armour    |     8 |     1 ||     9
         Ring mail         |       |     5 ||     5
  Dodge: Dodged            |    22 |    10 ||    32

Table legend:
 A = Non-vault XP
 B = Vault XP
 C = Vault XP percentage of total XP
 D = Non-vault monster count
 E = Vault monster count
 F = Vault count percentage of total count
                 A         B        C        D         E       F
            +---------+---------+-------+---------+---------+-------
      Total |      55 |      53 |  49.1 |      35 |       4 |  10.3
            +---------+---------+-------+---------+---------+-------
        D:1 |      22 |       0 |   0.0 |      15 |       0 |   0.0
        D:2 |      24 |      53 |  68.8 |      15 |       4 |  21.1
        D:3 |       9 |       0 |   0.0 |       5 |       0 |   0.0
            +---------+---------+-------+---------+---------+-------
